 Dungeon Crawl Stone Soup version 0.26-a0-598-g61e6210cf4 (webtiles) character file.

Game seed: 7158463636867890430

67 MrRokkomies the Ducker (level 3, -3/14 HPs)
             Began as a Felid Ice Elementalist on Aug 28, 2020.
             Killed by divine providence
             ... invoked by an orc priest
              (10 damage)
             ... on level 3 of the Dungeon.
             The game lasted 00:05:44 (2877 turns).

MrRokkomies the Ducker (Felid Ice Elementalist)     Turns: 2877, Time: 00:05:45

Health: -3/14      AC:  1    Str:  4    XL:     3   Next: 98%
Magic:  4/7        EV: 20    Int: 17    God:
Gold:   137        SH:  5    Dex: 16    Spells: 0/6 levels left
                                        Lives:  0   Deaths: 1

rFire    . . .     SeeInvis +     - Unarmed
rCold    . . .     Faith    .   (shield unavailable)
rNeg     . . .     Spirit   .   (armour unavailable)
rPois    .         Reflect  +   (helmet unavailable)
rElec    .         Harm     .   (cloak unavailable)
rCorr    .                      (gloves unavailable)
MR       .....                  (boots unavailable)
Stlth    +++.......             a - amulet of reflection
HPRegen  0.04/turn              (no ring)
MPRegen  0.10/turn              (no ring)

@: very slightly contaminated, quick
A: very small, no armour, no weapons or thrown items, stealth, claws 1, fangs 3,
see invisible, speed 1, shaggy fur 1, sharp paws
a: no special abilities


You were on level 3 of the Dungeon.
You visited 1 branch of the dungeon, and saw 3 of its levels.

You collected 137 gold pieces.

Inventory:

Jewellery
 a - an amulet of reflection (around neck)
Scrolls
 c - 4 scrolls of remove curse
Potions
 b - a potion of curing {unknown}
 e - a potion of heal wounds {unknown}
 f - a potion of haste {unknown}


   Skills:
 * Level 4.5 Dodging
 + Level 3.7 Stealth
 + Level 1.6 Unarmed Combat
 - Level 2.0 Spellcasting
 * Level 4.4 Ice Magic


You couldn't memorise any spells.
You knew the following spells:

 Your Spells              Type           Power        Failure   Level
a - Freeze                Ice            ###.         3%          1
b - Frozen Ramparts       Ice            ###...       10%         3
c - Ozocubu's Armour      Ice            ###.....     10%         3

Your spell library contained the following spells:

 Spells                   Type           Power        Failure   Level
 Hailstorm                Conj/Ice       #.......     61%         4
 Summon Ice Beast         Ice/Summ       #.......     61%         4


Dungeon Overview and Level Annotations

Branches:
Dungeon (3/15)

Altars:
Elyvilon
Yredelemnul


Innate Abilities, Weirdness & Mutations

You cannot wear armour.
You are incapable of wielding weapons or throwing items.
Your paws allow you to move quietly. (Stealth)
You have sharp claws.
You have razor-sharp teeth.
You have supernaturally acute eyesight. (SInv)
You cover ground quickly.
You are covered in fur. (AC +1)
Your sharp claws are effective at attacking unaware monsters.


Message History

The orc priest is severely wounded.
The orc priest hits you.
You die...
You are now level 3!
You rejoin the land of the living...
You start waiting.
An orc priest is nearby!
You start waiting.
An orc priest is nearby!
Casting: Freeze (safe; 3% risk of failure)
Confirm with . or Enter, or press ? or * to list all spells.
The spell is potentially lethal to cast (10% risk of failure)!
Continue anyway?
You miscast Frozen Ramparts.
You are very lightly contaminated with residual magic.
A chill runs through your body!
Ouch! That really hurt!
The orc priest calls down the wrath of Beogh upon you.
Beogh smites you!
Ouch! That really hurt!
You die...

.. .# .# ##<#####. ##[.....o.
##).[# ##...## ...########....#
#.....@......### ).
#.######o......######## ...
#...............
....#########.##.#####..####
.....#...#..............###
.####.#.........o..###.#......#
..............)....#...#......#
................o..#.##.......#
...........(<.................#


You could see an orc priest.

Vanquished Creatures
  An orc wizard (D:3)
  4 adders
  A worm (D:3)
  2 dart slugs (D:1)
  A leopard gecko (D:3)
  5 orcs
  6 bats
  3 giant cockroaches
  9 goblins
  4 hobgoblins
  5 jackals
  4 kobolds
  A ball python (D:1)
  2 frilled lizards
  8 rats
56 creatures vanquished.

Notes
Turn   | Place    | Note
-------+----------+-------------------------------------------
     0 | D:1      | MrRokkomies the Felid Ice Elementalist began the quest for
                  | the Orb.
     0 | D:1      | Reached XP level 1. HP: 7/7 MP: 4/4
   316 | D:1      | Reached XP level 2. HP: 8/11 MP: 1/6
  1148 | D:1      | Reached XP level 3. HP: 14/14 MP: 4/7
  1154 | D:1      | Learned a level 3 spell: Frozen Ramparts
  1427 | D:2      | Found a white marble altar of Elyvilon.
  1460 | D:2      | Reached skill level 1 in Unarmed Combat
  2088 | D:2      | Found a basalt altar of Yredelemnul.
  2214 | D:3      | Reached XP level 4. HP: 18/18 MP: 4/8
  2754 | D:3      | Learned a level 3 spell: Ozocubu's Armour
  2869 | D:3      | Slain by an orc priest
  2870 | D:3      | Reached XP level 3. HP: -3/14 MP: 5/7
  2877 | D:3      | Killed from afar by an orc priest

Illustrated notes

Levels and vault maps discovered:
D:1:      matt_arrival_diagonals, layout_loops_ring
D:2:      layout_rooms, kennysheep_ying_yang
D:3:      layout_rooms, uniq_robin

Skill      XL: |  1  2  3 |
---------------+----------+-----
Dodging        | 3 4 |  4.5
Stealth        | 3 |  3.7
Ice Magic      | 4 |  4.4
Unarmed Combat | 1 |  1.6
Spellcasting   | |  2.0

Action                   |  1- 3 |  4- 6 || total
-------------------------+-------+-------++-------
Melee: Unarmed           |    27 |    13 ||    40
       Bite              |     3 |     1 ||     4
 Cast: Freeze            |    41 |    16 ||    57
       Frozen Ramparts   |     3 |     7 ||    10
  Use: Scroll            |     4 |       ||     4
       Potion            |     1 |       ||     1
 Stab: Sleeping          |     8 |       ||     8
Armor: Skin              |     5 |     1 ||     6
Dodge: Dodged            |    38 |    18 ||    56
Block: Other             |       |     9 ||     9

Table legend: (Time is in decaauts)
 A = Elapsed time spent in this place.
 B = Non-inter-level travel time spent in this place.
 C = Inter-level travel time spent in this place.
 D = Time resting spent in this place.
 E = Time spent auto-exploring this place.
 F = Levels seen in this place.
 G = Mean time per level.
                   A        B        C        D        E       F      G
               +--------+--------+--------+--------+--------+-----+--------+
         Total |   2627 |   2590 |     37 |    833 |   1371 |   3 |  875.7 |
       Dungeon |   2627 |   2590 |     37 |    833 |   1371 |   3 |  875.7 |
               +--------+--------+--------+--------+--------+-----+--------+

Top non-repeatable levels by time:
     D:2: 1148 daAuts
     D:1: 1128 daAuts
     D:3: 350 daAuts
